 Dungeon Crawl Stone Soup version 0.23.0-2-g0fe3ce5 (webtiles) character file.

Game seed: 8706536671403216514

294 ohad the Changer (level 6, -10/38 HPs)
             Began as an Octopode Transmuter on Feb 17, 2019.
             Killed by nerve-wracking pain
             ... invoked by Grinder
              (11 damage)
             ... on level 4 of the Dungeon on Feb 19, 2019.
             The game lasted 00:10:23 (3364 turns).

ohad the Changer (Octopode Transmuter)              Turns: 3364, Time: 00:10:24

Health: -10/38     AC:  2    Str:  9    XL:     6   Next: 33%
Magic:  7/9        EV: 25    Int: 23    God:
Gold:   204        SH:  0    Dex: 22    Spells: 3/9 levels left

rFire    . . .     SeeInvis .     - Unarmed
rCold    . . .     Gourm    .   (shield currently unavailable)
rNeg     . . .     Faith    .   (helmet currently unavailable)
rPois    x         Spirit   .   k - amulet of the acrobat
rElec    .         Reflect  .   n - +5 ring of intelligence
rCorr    +         Harm     .   r - ring of resist corrosion
MR       .....                  (no ring)
Stlth    +++.......             (no ring)
HPRegen  0.12/turn              (no ring)
MPRegen  0.11/turn              (no ring)
                                (no ring)
                                (no ring)

@: agile, spider-form
A: tiny, almost no armour, stealthy swim, (amphibious), 8 rings, (constrict 8)
a: End Transformation


You were on level 4 of the Dungeon.
You were very hungry.
You were a venomous arachnid creature.
You visited 1 branch of the dungeon, and saw 4 of its levels.

You collected 204 gold pieces.

Inventory:

Hand Weapons
 h - a cursed -1 whip
 p - a +1 short sword of venom (melded)
Missiles
 a - 55 arrows
Jewellery
 e - an uncursed amulet of faith {unknown}
 k - an amulet of the acrobat (around neck)
 n - a +5 ring of intelligence (left front leg)
 r - a ring of resist corrosion (right front leg)
 t - a +3 ring of evasion {unknown}
Scrolls
 i - 2 scrolls of teleportation
 j - a scroll of remove curse {unknown}
 m - a scroll of enchant weapon {unknown}
 o - a scroll of blinking {unknown}
 s - 2 scrolls of magic mapping {unknown}
 u - a scroll of amnesia {unknown}
Potions
 b - a potion of haste
 d - 6 potions of curing
 f - 2 potions of flight
 q - 2 potions of lignification
 v - a potion of invisibility {unknown}
Comestibles
 c - 7 rations


   Skills:
 - Level 1.0 Fighting
 - Level 2.0 Dodging
 - Level 3.0 Unarmed Combat
 - Level 2.0 Spellcasting
 + Level 6.5 Transmutations


You had 3 spell levels left.
You knew the following spells:

 Your Spells              Type           Power        Failure   Level  Hunger
a - Beastly Appendage     Tmut           ####..       4%          1    #......
b - Sticks to Snakes      Tmut           ####....     6%          2    ##.....
c - Spider Form           Tmut/Pois      ###.......   24%         3    ###....

Your spell library contained the following spells:

 Spells                   Type           Power        Failure   Level  Hunger
 Blade Hands              Tmut           ####......   45%         5    ######.
 Ice Form                 Ice/Tmut       ###.....     54%         4    #####..


Dungeon Overview and Level Annotations

Branches:
Dungeon (4/15)
 Temple: D:4-7

Altars:

Annotations:
D:4 1 runed translucent door, Grinder; lextramoth's ghost, amateur DsFi


Innate Abilities, Weirdness & Mutations

You cannot wear most types of armour.
You are very stealthy in the water. (Stealth+)
((You are amphibious.))
You can wear up to eight rings at the same time.
((You can use your tentacles to constrict eight enemies at once.))
((Your skin changes colour to match your surroundings (Stealth+).))
((Your rubbery body absorbs attacks. (AC +1, EV +1)))


Message History

You hit Grinder.
Grinder is poisoned.
Grinder is lightly wounded.
Grinder hits you!
You writhe in agony.
You hit Grinder but do no damage.
Grinder is lightly wounded.
Grinder completely misses you.
You barely miss Grinder. Grinder hits you.
You writhe in agony.
* * * LOW HITPOINT WARNING * * *
You hit Grinder.
Grinder looks as sick as possible!
Grinder is lightly wounded.
Grinder hits you!
* * * LOW HITPOINT WARNING * * *
You writhe in agony.
* * * LOW HITPOINT WARNING * * *
Unknown command.
It was a potion of agility.
You feel agile all of a sudden. Grinder gestures at you.
Pain shoots through your body!
You die...

# #.# ##.# # .... .
#.###.#.# # ..
#..s5.#h# .#...
#..##.#.###.... ..#
#.. #.......#.....#
#..####...........#
#........###### #Z#
.?.####.## #.# #.##
#.# #.# #( #.# #.##
#####.# #...


You could see Grinder.

Vanquished Creatures
  A scorpion (D:4)
  Crazy Yiuf (D:2)
  3 orc wizards (D:4)
  5 adders
  An ooze (D:2)
  A worm (D:2)
  2 dart slugs
  A leopard gecko (D:2)
  6 orcs
  6 bats
  3 giant cockroaches
  8 goblins
  5 hobgoblins
  9 jackals
  2 quokkas
  A ball python skeleton (D:4)
  6 frilled lizards
  9 kobolds
  A leopard gecko skeleton (D:4)
  A quokka skeleton (D:4)
  9 rats
81 creatures vanquished.

Vanquished Creatures (others)
  2 withered plants (D:4)
2 creatures vanquished.

Grand Total: 83 creatures vanquished

Notes
Turn   | Place    | Note
-------+----------+-------------------------------------------
     0 | D:1      | ohad the Octopode Transmuter began the quest for the Orb.
     0 | D:1      | Reached XP level 1. HP: 13/13 MP: 3/3
     0 | D:1      | Upgraded the game from 0.23.0 to 0.23.0-2-g0fe3ce5
   125 | D:1      | Reached XP level 2. HP: 18/18 MP: 5/5
   398 | D:1      | Reached skill level 3 in Transmutations
   742 | D:1      | Reached XP level 3. HP: 23/23 MP: 6/6
   961 | D:2      | Reached skill level 4 in Transmutations
  1198 | D:2      | Reached XP level 4. HP: 19/28 MP: 7/7
  1613 | D:2      | Found a runed translucent door.
  1614 | D:2      | Noticed Crazy Yiuf
  1655 | D:2      | Learned a level 2 spell: Sticks to Snakes
  1659 | D:2      | Learned a level 3 spell: Spider Form
  1701 | D:2      | Killed Crazy Yiuf
  2163 | D:2      | Reached skill level 5 in Transmutations
  2230 | D:2      | Reached XP level 5. HP: 26/33 MP: 8/8
  2960 | D:4      | Reached skill level 6 in Transmutations
  2960 | D:4      | Reached XP level 6. HP: 38/38 MP: 9/9
  2966 | D:4      | Found a runed translucent door.
  2967 | D:4      | Noticed lextramoth's ghost (amateur DsFi)
  3350 | D:4      | Noticed Grinder
  3363 | D:4      | HP: 1/38 [Grinder (1)]
  3364 | D:4      | Killed from afar by Grinder

Skill      XL: |  1  2  3  4  5 |
---------------+----------------+-----
Transmutations | 3 4 5 6 |  6.5
Fighting       | |  1.0
Dodging        | |  2.0
Unarmed Combat | |  3.0
Spellcasting   | |  2.0

Action                   |  1- 3 |  4- 6 || total
-------------------------+-------+-------++-------
Melee: Unarmed           |    81 |    17 ||    98
       Constrict         |    20 |    24 ||    44
       Tentacles         |     7 |    10 ||    17
       Kick              |    17 |     2 ||    19
       Short sword       |       |    82 ||    82
       Punch             |       |     1 ||     1
 Cast: Beastly Appendage |     8 |     5 ||    13
       Spider Form       |       |     3 ||     3
  Use: Scroll            |       |     5 ||     5
       Potion            |       |     1 ||     1
 Stab: Sleeping          |     6 |    12 ||    18
  Eat: Chunk             |     1 |     6 ||     7
Armor: Skin              |    11 |     4 ||    15
Dodge: Dodged            |    49 |    56 ||   105
